[Event "fics rated crazyhouse match"]
[Site "fics, Oklahoma City, OK USA"]
[Date "2000.09.24"]
[White "Gobi"]
[WhiteElo "2379"]
[Black "BEO"]
[BlackElo "2214"]
[TimeControl "180+0"]
[Result "0-1"]

1. e4 e6 2. d4 d5 3. exd5 Nf6 4. dxe6 Bxe6 5. Nf3 Nc6 6. Bg5 
Be7 7. Nc3 P@g4 8. Ne5 Nxd4 9. P@d7+ Nxd7 10. Bxe7 Qxe7 11. Qxd4 Nxe5 
12. Qxe5 B@f6 13. B@a4+ P@c6 14. Qe4 N@c5 15. Bxc6+ bxc6 16. Qxc6+ Bd7+ 17. P@e6 
Bxc6 
{Gobi resigns} 0-1

[Event "fics rated crazyhouse match"]
[Site "fics, Oklahoma City, OK USA"]
[Date "2000.09.24"]
[White "BEO"]
[WhiteElo "2226"]
[Black "Gobi"]
[BlackElo "2367"]
[TimeControl "180+0"]
[Result "0-1"]

1. e4 e5 2. Nf3 Nc6 3. Nc3 Bc5 4. d3 d6 5. Be2 Bg4 6. O-O 
Nf6 7. Bg5 Rg8 8. Nd5 Bxf3 9. Bxf3 Nd4 10. c3 Nxf3+ 11. Qxf3 B@g4 
12. Qxg4 Nxg4 13. Bxd8 N@e2+ 14. Kh1 Q@g1+ 15. Rxg1 Nxf2# 
{BEO checkmated} 0-1

[Event "fics rated crazyhouse match"]
[Site "fics, Oklahoma City, OK USA"]
[Date "2000.09.24"]
[White "Gobi"]
[WhiteElo "2372"]
[Black "BEO"]
[BlackElo "2221"]
[TimeControl "180+0"]
[Result "0-1"]

1. e4 e6 2. d4 d6 3. Nf3 Nf6 4. Bd3 Be7 5. Nc3 Nc6 6. d5 
Ne5 7. Nxe5 dxe5 8. Bb5+ Kf8 9. O-O exd5 10. exd5 P@d4 11. P@g5 Nxd5 
12. Nxd5 Qxd5 13. Be2 N@h4 14. N@e3 Qd8 15. Nc4 P@d6 16. f4 exf4 17. Rxf4 
Bxg5 18. Qxd4 Bxf4 19. Bxf4 N@f5 20. Qf2 P@e5 21. Bd2 R@g6 22. P@g3 Nxg2 
23. Qxg2 P@h3 24. Qf2 P@f4 25. P@g4 fxg3 26. hxg3 Nd4 27. B@h5 Nxe2+ 28. Qxe2 
B@d5 29. Ne3 Bde6 30. Bxg6 hxg6 31. N@h2 B@b6 32. P@f2 P@f4 33. Nef1 fxg3 
34. Nxg3 P@f4 35. Ne4 Bxg4 36. Nxg4 Bxg4 37. Qxg4 h2+ 38. Kh1 P@f5 39. P@f6 
fxg4 40. B@e7+ Qxe7 41. fxe7+ Kxe7 
{Gobi forfeits on time} 0-1

[Event "fics rated crazyhouse match"]
[Site "fics, Oklahoma City, OK USA"]
[Date "2000.09.24"]
[White "BEO"]
[WhiteElo "2232"]
[Black "Gobi"]
[BlackElo "2361"]
[TimeControl "180+0"]
[Result "0-1"]

1. e4 Nf6 2. e5 Ne4 3. d3 Nxf2 4. Kxf2 d6 5. exd6 exd6 6. Be2 
d5 7. Nf3 d4 8. Rf1 P@e3+ 9. Kg1 P@f2+ 10. Kh1 Nc6 11. c3 Bc5 
12. cxd4 Nxd4 13. Nxd4 Bxd4 14. P@c3 Bb6 15. d4 P@f4 16. N@h5 Qg5 17. N@e4 
Qg6 18. Nxf2 exf2 19. Rxf2 N@e4 20. Qf1 Nxf2+ 21. Qxf2 N@h3 22. gxh3 Bxh3 
23. P@d7+ Kf8 24. Nxf4 P@g2+ 25. Nxg2 Bxg2+ 26. Qxg2 Qxg2+ 27. Kxg2 N@h4+ 28. Kf2 
R@g2+ 29. Ke1 Q@f2+ 30. Kd2 Qxe2# 
{BEO checkmated} 0-1

[Event "fics rated crazyhouse match"]
[Site "fics, Oklahoma City, OK USA"]
[Date "2000.09.24"]
[White "Gobi"]
[WhiteElo "2366"]
[Black "BEO"]
[BlackElo "2227"]
[TimeControl "180+0"]
[Result "1-0"]

1. e4 e6 2. Nc3 d5 3. exd5 exd5 4. Bb5+ c6 5. Qe2+ Be7 6. P@c7 
Qxc7 7. Nxd5 Qd6 8. Nxe7 Nxe7 9. B@e5 Qxe5 10. Qxe5 cxb5 11. P@d6 Nc6 
12. dxe7 
{BEO resigns} 1-0

[Event "fics rated crazyhouse match"]
[Site "fics, Oklahoma City, OK USA"]
[Date "2000.09.24"]
[White "BEO"]
[WhiteElo "2222"]
[Black "Gobi"]
[BlackElo "2371"]
[TimeControl "180+0"]
[Result "0-1"]

1. e4 e5 2. Nf3 Nc6 3. Nc3 Bc5 4. Bc4 d6 5. d3 h6 6. h3 
Nf6 7. O-O O-O 8. Nd5 Be6 9. Nxf6+ Qxf6 10. Bxe6 fxe6 11. N@g4 Qf7 
12. Bxh6 N@g3 13. B@e3 Bxe3 14. Bxe3 Nxf1 15. Qxf1 Qh5 16. P@h6 Rxf3 17. gxf3 
N@h4 18. N@f6+ gxf6 19. Nxf6+ Kf7 20. Nxh5 Nxf3+ 21. Kg2 N@h4+ 22. Kg3 B@h2+ 
23. Kg4 P@f5+ 24. exf5 exf5# 
{BEO checkmated} 0-1

[Event "fics rated crazyhouse match"]
[Site "fics, Oklahoma City, OK USA"]
[Date "2000.09.24"]
[White "Gobi"]
[WhiteElo "2376"]
[Black "BEO"]
[BlackElo "2217"]
[TimeControl "180+0"]
[Result "1-0"]

1. e4 e6 2. d4 d5 3. Nc3 Nf6 4. e5 Ne4 5. Bd3 Bb4 6. Ne2 
Nc6 7. Be3 Bxc3+ 8. Nxc3 Nxc3 9. bxc3 N@e4 10. Bxe4 dxe4 11. N@h5 Rg8 
12. B@g5 B@e7 13. Bxe7 Qxe7 14. B@g5 Qa3 15. N@f6+ gxf6 16. Nxf6+ Kf8 17. Nxh7+ 
Kg7 18. Bf6+ Kxh7 19. Qh5# 
{BEO resigns} 1-0

[Event "fics rated crazyhouse match"]
[Site "fics, Oklahoma City, OK USA"]
[Date "2000.09.24"]
[White "BEO"]
[WhiteElo "2212"]
[Black "Gobi"]
[BlackElo "2381"]
[TimeControl "180+0"]
[Result "0-1"]

1. e4 Nc6 2. d4 d5 3. exd5 Qxd5 4. Be3 e6 5. Nf3 Nf6 6. Be2 
Bb4+ 7. c3 Be7 8. O-O O-O 9. c4 Qf5 10. Nc3 Ng4 11. d5 Nxe3 
12. fxe3 Ne5 13. N@d4 Qh5 14. dxe6 Bxe6 15. Nxe6 fxe6 16. P@f4 Ng4 17. P@f2 
Rad8 18. Qb3 N@c5 19. Qc2 P@d3 20. Bxd3 Nxd3 21. P@h3 Ngxf2 22. Rxf2 Nxf2 
23. Qxf2 B@h4 24. B@g3 Bxg3 25. hxg3 P@g4 26. Nh2 gxh3 27. gxh3 R@d2 28. B@e2 
Qxh3 29. P@g2 Qxh2+ 30. Kxh2 N@g4+ 31. Bxg4 Rxf2 32. Bxe6+ P@f7 33. N@g4 Q@h5+ 
34. P@h3 fxe6 35. N@e4 Rxg2+ 36. Kxg2 P@f3+ 37. Kxf3 P@f5 38. N@e5 fxe4+ 39. Nxe4 
P@f5 
{BEO forfeits on time} 0-1

[Event "fics rated crazyhouse match"]
[Site "fics, Oklahoma City, OK USA"]
[Date "2000.09.24"]
[White "Sjeng"]
[WhiteElo "2181"]
[Black "LSS"]
[BlackElo "2447"]
[TimeControl "300+0"]
[Result "1-0"]

1. e4 e6 2. d4 Nf6 3. e5 Nd5 4. Nc3 d6 5. Nf3 Nc6 6. Bb5 
Bd7 7. Nxd5 exd5 8. Qe2 Be7 9. exd6 cxd6 10. P@h6 P@e4 11. hxg7 Rg8 
12. P@d3 N@e6 13. dxe4 Ncxd4 14. Nxd4 Nxd4 15. Bxd7+ Qxd7 16. Qd1 N@b4 17. N@e3 
P@f4 18. B@h3 B@e6 19. Bxe6 fxe6 20. Qxd4 fxe3 21. P@f7+ Kxf7 22. N@h6+ Kg6 
23. B@f7+ Kg5 24. Qxe3# 
{LSS resigns} 1-0

[Event "fics rated crazyhouse match"]
[Site "fics, Oklahoma City, OK USA"]
[Date "2000.09.24"]
[White "LSS"]
[WhiteElo "2434"]
[Black "Sjeng"]
[BlackElo "2207"]
[TimeControl "300+0"]
[Result "0-1"]

1. e4 e6 2. d4 d5 3. exd5 exd5 4. Bb5+ P@c6 5. Be2 Nf6 6. Nf3 
Ne4 7. O-O Bf5 8. P@d3 Nf6 9. Nc3 Bb4 10. Bd2 Bxc3 11. bxc3 Nbd7 
12. Rb1 Qc8 13. Nh4 Be6 14. Re1 Nb6 15. B@c5 Na4 16. Bf3 Nxc5 17. dxc5 
N@e7 18. d4 Rb8 19. N@g5 B@d7 20. Bf4 Qd8 21. Nxe6 fxe6 22. B@e5 N@a6 
23. Bxf6 gxf6 24. N@g7+ Kf7 25. Nh5 B@g5 26. Bxg5 fxg5 27. B@f6 gxh4 28. Bxh8 
Qxh8 29. R@g7+ Qxg7 30. Nxg7 Kxg7 31. Qd2 N@f5 32. Qg5+ R@g6 33. Q@e5+ Kg8 
34. Qxg6+ Nxg6 35. Qxf5 exf5 36. N@e7+ Nxe7 37. Rxe7 N@h3+ 38. gxh3 Q@g6+ 39. R@g2 
N@g5 40. Rxd7 Nxf3+ 41. Kh1 Qxg2+ 42. Kxg2 R@g5+ 43. B@g3 Q@f6 44. N@e6 hxg3 
45. hxg3 Qxe6 46. Q@f7+ Qxf7 47. Rxf7 N@f4# 
{LSS resigns} 0-1

[Event "fics rated crazyhouse match"]
[Site "fics, Oklahoma City, OK USA"]
[Date "2000.09.24"]
[White "Sjeng"]
[WhiteElo "2231"]
[Black "LSS"]
[BlackElo "2422"]
[TimeControl "300+0"]
[Result "1-0"]

1. e4 e6 2. d4 a6 3. Nc3 b5 4. a3 Bb7 5. Nf3 Nf6 6. e5 
Nd5 7. Nxd5 Bxd5 8. N@c3 Bb7 9. Ng5 Be7 10. Nxf7 Kxf7 11. P@h6 g6 
12. d5 N@f5 13. dxe6+ dxe6 14. Qxd8 Rxd8 15. P@f6 Bf8 16. Q@h8 Q@g8 17. Qxg8+ 
Kxg8 18. f7+ Kxf7 19. Q@f6+ Kg8 20. Qxd8 N@d4 21. R@h8+ Kxh8 22. Qxf8# 
{LSS resigns} 1-0

[Event "fics rated crazyhouse match"]
[Site "fics, Oklahoma City, OK USA"]
[Date "2000.09.24"]
[White "LSS"]
[WhiteElo "2410"]
[Black "Sjeng"]
[BlackElo "2254"]
[TimeControl "300+0"]
[Result "1-0"]

1. e4 e6 2. d4 Nc6 3. c3 Nf6 4. Bd3 d6 5. Nf3 Be7 6. O-O 
h6 7. Be3 Bd7 8. Nbd2 Ng4 9. Qe2 Nxe3 10. fxe3 B@g4 11. h3 Bxf3 
12. Rxf3 N@f6 13. Raf1 a6 14. B@h2 Ra7 15. e5 dxe5 16. dxe5 Nxe5 17. Bxe5 
P@f5 18. Bxf6 Bxf6 19. N@h5 Be5 20. Nc4 B@h2+ 21. Kh1 P@d5 22. Nxe5 Bxe5 
23. B@g3 Bxc3 24. bxc3 Rh7 25. B@e5 N@e4 26. Bxc7 Nxg3+ 27. Bxg3 P@c7 28. N@e5 
B@e4 29. Nxf7 Bxd3 30. Qxd3 Qa8 31. B@g6 B@e4 32. Nd6+ Ke7 33. Nxe4 dxe4 
34. B@d6+ cxd6 35. Qxd6+ Kd8 36. P@e7+ Kc8 37. Qc7# 
{Sjeng checkmated} 1-0

[Event "fics rated crazyhouse match"]
[Site "fics, Oklahoma City, OK USA"]
[Date "2000.09.24"]
[White "LSS"]
[WhiteElo "2415"]
[Black "Sjeng"]
[BlackElo "2246"]
[TimeControl "180+0"]
[Result "0-1"]

1. e4 e6 2. d4 d5 3. exd5 exd5 4. Bb5+ Bd7 5. Qe2+ Be7 6. Nc3 
Nc6 7. Bxc6 bxc6 8. Nf3 P@b4 9. Nd1 Nf6 10. Ne5 B@b5 11. P@d3 Qc8 
12. O-O Bg4 13. f3 Be6 14. Nf2 Nd7 15. Nxd7 Bxd7 16. N@e5 N@f5 17. c3 
bxc3 18. bxc3 P@g3 19. Nd1 gxh2+ 20. Kxh2 P@f6 21. Nxf7 Kxf7 22. P@g3 Ke8 
23. P@g4 Nxg3 24. Kxg3 P@f7 25. N@h5 N@e6 26. P@h6 g6 27. Ng7+ Nxg7 28. hxg7 
Rg8 29. Bh6 N@e6 30. Re1 Qa6 31. Nf2 Bd6+ 32. f4 Rxg7 33. Bxg7 Bxf4+ 
34. Kh3 Ke7 35. g3 P@e3 36. gxf4 Nxf4+ 37. Kg3 Nxe2+ 38. Rxe2 P@h4+ 39. Kxh4 
Q@h2+ 40. N@h3 P@g5# 
{LSS checkmated} 0-1

[Event "fics rated crazyhouse match"]
[Site "fics, Oklahoma City, OK USA"]
[Date "2000.09.24"]
[White "Sjeng"]
[WhiteElo "2266"]
[Black "LSS"]
[BlackElo "2403"]
[TimeControl "180+0"]
[Result "1-0"]

1. e4 e6 2. Nc3 d5 3. exd5 exd5 4. Bb5+ P@c6 5. Qe2+ Be7 6. Bd3 
Be6 7. Nf3 Nf6 8. Ng5 Bc8 9. P@e5 Ng8 10. Nxh7 Nd7 11. P@e6 fxe6 
12. Nxd5 cxd5 13. P@f7# 
{LSS resigns} 1-0

[Event "fics rated crazyhouse match"]
[Site "fics, Oklahoma City, OK USA"]
[Date "2000.09.24"]
[White "LSS"]
[WhiteElo "2392"]
[Black "Sjeng"]
[BlackElo "2285"]
[TimeControl "180+0"]
[Result "0-1"]

1. e4 e6 2. d4 d5 3. e5 c5 4. c3 Nc6 5. Nf3 cxd4 6. cxd4 
Bb4+ 7. Bd2 Bxd2+ 8. Nbxd2 P@e4 9. Bb5 exf3 10. Bxc6+ bxc6 11. N@d6+ Qxd6 
12. exd6 N@d3+ 13. Kf1 B@e2+ 14. Kg1 Bxd1 15. h3 Q@e1+ 16. Q@f1 N@e2# 
{LSS resigns} 0-1

[Event "fics rated crazyhouse match"]
[Site "fics, Oklahoma City, OK USA"]
[Date "2000.09.24"]
[White "LSS"]
[WhiteElo "2382"]
[Black "Sjeng"]
[BlackElo "2302"]
[TimeControl "300+0"]
[Result "1-0"]

1. e4 e6 2. d4 Nc6 3. c3 Nf6 4. Bd3 d6 5. Nf3 h6 6. O-O 
Be7 7. Be3 Bd7 8. Nbd2 Ng4 9. Qe2 h5 10. h3 Nxe3 11. fxe3 B@g3 
12. N@h1 h4 13. Nxg3 hxg3 14. B@f4 N@h5 15. e5 Nxf4 16. exf4 dxe5 17. fxe5 
P@h2+ 18. Kh1 B@f5 19. P@e4 Bxh3 20. gxh3 Rxh3 21. B@g2 Rh7 22. d5 P@h3 
23. Bxh3 Rxh3 24. P@g2 exd5 25. exd5 Nxe5 26. Nxe5 B@h5 27. P@g6 f6 28. Nxd7 
Qxd7 29. B@e6 Bxe2 30. Bxd7+ Kxd7 31. Bf5+ N@e6 32. Bxe6+ Ke8 33. Bf7+ Kd7 
34. Q@f5+ B@e6 35. Qxe6+ Kd8 36. N@c6+ bxc6 37. N@b7# 
{Sjeng checkmated} 1-0

[Event "fics rated crazyhouse match"]
[Site "fics, Oklahoma City, OK USA"]
[Date "2000.09.24"]
[White "LSS"]
[WhiteElo "2394"]
[Black "Sjeng"]
[BlackElo "2283"]
[TimeControl "300+0"]
[Result "0-1"]

1. e4 e6 2. Nf3 d5 3. exd5 exd5 4. d4 Bg4 5. Be2 Nf6 6. O-O 
Bxf3 7. Bxf3 Nc6 8. Nc3 N@h4 9. Re1+ Be7 10. Be2 P@b4 11. Nb1 Nxg2 
12. Kxg2 Ne4 13. B@g3 P@h4 14. N@h5 hxg3 15. Nxg7+ Kf8 16. Bh6 B@h3+ 17. Kxh3 
Nxf2+ 18. Kxg3 Bh4+ 19. Kg2 Nxd1 20. Ne6+ Ke8 21. Ng7+ Kf8 22. Ne6+ Ke8 
23. Ng7+ Ke7 24. B@g5+ Bxg5 25. Bxg5+ Kf8 26. P@e7+ Nxe7 27. Bxd1 P@e3 28. N@e6+ 
Kg8 29. Bxe3 fxe6 30. B@g3 Kxg7 31. P@h6+ Kg8 32. P@g7 P@h3+ 33. Kxh3 Q@f5+ 
34. P@g4 B@f1+ 35. P@g2 N@g5+ 36. Bxg5 N@g1+ 37. Kh4 Ng6+ 38. Kh5 Qfxg5# 
{LSS checkmated} 0-1

[Event "fics rated crazyhouse match"]
[Site "fics, Oklahoma City, OK USA"]
[Date "2000.09.24"]
[White "LSS"]
[WhiteElo "2384"]
[Black "Sjeng"]
[BlackElo "2299"]
[TimeControl "300+0"]
[Result "0-1"]

1. e4 e6 2. Nc3 Nc6 3. d4 Nf6 4. f3 Bb4 5. Ne2 d5 6. e5 
Nh5 7. g3 Bd7 8. Bg2 Ne7 9. O-O Nf5 10. g4 Bxc3 11. bxc3 N@e3 
12. Bxe3 Nxe3 13. gxh5 Nxd1 14. Raxd1 Q@c4 15. B@d3 Qxa2 16. h6 B@e3+ 17. N@f2 
Bxh6 18. N@g4 P@e3 19. Nxh6 exf2+ 20. Rxf2 P@e3 21. Rff1 N@h4 22. P@g3 Nxg2 
23. Kxg2 B@g6 24. Ng4 Bxd3 25. Rxd3 Qxc2 26. Rxe3 P@d3 27. N@f6+ gxf6 28. Nxf6+ 
Qxf6 29. exf6 N@h4+ 30. gxh4 Rg8+ 31. P@g5 N@f5 32. Q@e7+ Nxe7 33. fxe7 dxe2 
34. N@f6+ Kxe7 35. Nxg8+ Rxg8 36. N@f5+ Qxf5 37. B@b4+ P@d6 38. Rxe2 N@f4+ 39. Kh1 
N@g3+ 40. hxg3 Q@h3+ 41. R@h2 Qxf1+ 42. N@g1 Qxg1+ 43. Kxg1 N@h3+ 44. Rxh3 Nxh3+ 
45. Kh2 N@f1+ 46. Kg2 R@g1# 
{LSS checkmated} 0-1

[Event "fics rated crazyhouse match"]
[Site "fics, Oklahoma City, OK USA"]
[Date "2000.09.24"]
[White "Sjeng"]
[WhiteElo "2313"]
[Black "LSS"]
[BlackElo "2374"]
[TimeControl "300+0"]
[Result "1-0"]

1. g3 e6 2. Nc3 d5 3. Nf3 d4 4. Ne4 Nf6 5. Nxf6+ gxf6 6. e3 
dxe3 7. dxe3 Qxd1+ 8. Kxd1 Nc6 9. N@e4 P@g7 10. P@g2 Be7 11. Bd2 O-O 
12. Ke1 e5 13. Bc4 Bf5 14. Bd3 Bxe4 15. Bxe4 N@d6 16. Bxc6 bxc6 17. Q@d7 
e4 18. Nd4 Q@d8 19. Qxd8 Raxd8 20. Nxc6 B@b5 21. Nxe7+ Kh8 22. N@c3 N@f3+ 
23. gxf3 exf3 24. P@h6 Rg8 25. Nxg8 Rxg8 26. hxg7+ Rxg7 27. Q@a8+ Q@g8 28. Qxf3 
N@e5 29. Qxf6 Ng4 30. Qxg7+ Qxg7 31. R@b8+ Be8 32. P@d7 P@g2 33. dxe8=Q+ Nxe8 
34. Rxe8+ Q@g8 35. Rxg8+ Qxg8 36. Rg1 R@h1 37. P@g7+ Kxg7 38. N@f5+ Kg6 39. N@e7# 
{LSS resigns} 1-0

[Event "fics rated crazyhouse match"]
[Site "fics, Oklahoma City, OK USA"]
[Date "2000.09.24"]
[White "LSS"]
[WhiteElo "2372"]
[Black "Sjeng"]
[BlackElo "2316"]
[TimeControl "300+0"]
[Result "1-0"]

1. e4 e6 2. d4 d5 3. exd5 exd5 4. Bb5+ Bd7 5. Qe2+ Be7 6. Nc3 
Nc6 7. Bxc6 bxc6 8. Nf3 P@b4 9. Nd1 Nf6 10. Ne5 Ne4 11. P@h6 B@f6 
12. hxg7 Bxg7 13. P@h6 Bxe5 14. dxe5 N@c4 15. O-O Nxe5 16. N@g7+ Kf8 17. Nh5 
Bg4 18. B@g7+ Ke8 19. f3 Bxh5 20. Bxe5 Rg8 21. N@g7+ Rxg7 22. hxg7 N@g8 
23. R@h8 N@f6 24. Bxf6 Nxf6 25. Bg5 B@c5+ 26. Nf2 Bxf2+ 27. Rxf2 N@e4 28. Bxf6 
Nxf6 29. B@b7 P@g3 30. hxg3 P@h2+ 31. Kxh2 Rb8 32. Bxc6+ B@d7 33. Bxd7+ Qxd7 
34. N@e5 Qd6 35. B@a4+ Kd8 36. Nc6+ Qxc6 37. Bxc6 B@d7 38. Bxd7 Kxd7 39. N@e5+ 
Ke6 40. P@f5+ Kxf5 41. P@g4+ Bxg4 42. fxg4+ Ke6 43. Q@c6+ Bd6 44. P@f5+ Ke7 
45. Ng6+ Kd8 46. B@e7+ Kc8 47. Bxf6 Bxg3+ 48. Kxg3 P@h4+ 49. Bxh4 P@f4+ 50. Rxf4 
B@e1+ 51. Rxe1 N@e4+ 52. Qxe4 dxe4 53. P@d7# 
{Sjeng checkmated} 1-0

[Event "fics rated crazyhouse match"]
[Site "fics, Oklahoma City, OK USA"]
[Date "2000.09.25"]
[White "tantheman"]
[WhiteElo "2170"]
[Black "Igy"]
[BlackElo "2362"]
[TimeControl "60+0"]
[Result "1-0"]

1. e4 Nf6 2. Nc3 Nc6 3. Nf3 e6 4. e5 Ng4 5. Be2 Ngxe5 6. O-O 
Nxf3+ 7. Bxf3 d5 8. d4 Bb4 9. Bf4 P@e4 10. Bxe4 O-O 11. Bxh7+ Kxh7 
12. Qh5+ B@h6 13. Bxh6 gxh6 14. B@d3+ B@g6 15. N@e5 Nxe5 16. dxe5 Bxc3 17. N@f6+ 
Qxf6 18. exf6 Bxf6 19. P@e5 Bg7 20. P@f6 Bh8 21. Q@g5 P@g7 22. Qgxg6+ fxg6 
23. Qxg6+ Kg8 24. P@h7# 
{Igy checkmated} 1-0

[Event "fics rated crazyhouse match"]
[Site "fics, Oklahoma City, OK USA"]
[Date "2000.09.25"]
[White "Igy"]
[WhiteElo "2350"]
[Black "tantheman"]
[BlackElo "2182"]
[TimeControl "60+0"]
[Result "1-0"]

1. e3 e6 2. b3 b6 3. Bb2 Bb7 4. Nf3 Nf6 5. Be2 Be7 6. O-O 
O-O 7. d3 d5 8. Nbd2 c5 9. Ne5 Nbd7 10. Qe1 Nxe5 11. Bxe5 N@g4 
12. f4 Nxe3 13. Qh4 Nxc2 14. N@g5 P@h6 15. Ndf3 hxg5 16. fxg5 P@h6 17. gxf6 
gxf6 18. P@g7 Kxg7 19. N@h5+ Kh8 20. Bxf6+ Bxf6 21. Nxf6 P@g7 22. P@g5 N@f5 
23. gxh6 Nxh4 24. hxg7+ Kxg7 25. Nh5+ Kg8 26. Nxh4 B@g5 27. N@f6+ Bxf6 28. Nxf6+ 
Kh8 29. P@g7+ Kxg7 30. P@g5 P@e3 31. B@h6+ Kh8 32. B@g7# 
{tantheman checkmated} 1-0

[Event "fics rated crazyhouse match"]
[Site "fics, Oklahoma City, OK USA"]
[Date "2000.09.25"]
[White "tantheman"]
[WhiteElo "2178"]
[Black "Igy"]
[BlackElo "2354"]
[TimeControl "60+0"]
[Result "0-1"]

1. e4 Nf6 2. Nc3 Nc6 3. d4 e5 4. d5 Nd4 5. Nf3 Bc5 6. Nxe5 
d6 7. Nxf7 Kxf7 8. P@e6+ Kf8 9. P@h6 gxh6 10. Bxh6+ P@g7 11. Bxg7+ Kxg7 
12. P@g5 Ng8 13. P@h6+ Kf8 14. Qh5 B@g6 15. Qh4 Nxc2+ 16. Kd2 Nxa1 17. Qf4+ 
N@f6 18. gxf6 Nxf6 19. N@g5 R@c2+ 20. Kd1 P@e5 21. Qh4 Bxf2 22. Qxf2 Rxf2 
23. B@g7+ Ke7 24. Bxf6+ Rxf6 25. N@f3 Q@c2+ 26. Ke1 P@f2# 
{tantheman checkmated} 0-1

[Event "fics rated crazyhouse match"]
[Site "fics, Oklahoma City, OK USA"]
[Date "2000.09.25"]
[White "Igy"]
[WhiteElo "2358"]
[Black "tantheman"]
[BlackElo "2174"]
[TimeControl "60+0"]
[Result "1-0"]

1. e4 b6 2. Nc3 Bb7 3. Nf3 e6 4. d4 Nf6 5. Bd3 Bb4 6. O-O 
Bxc3 7. e5 Bxd4 8. Nxd4 Ng4 9. Qxg4 P@g6 10. B@b5 a6 11. Bbc4 Nc6 
12. Nxc6 Bxc6 13. Bxa6 Rxa6 14. Bxa6 B@f5 15. Qe2 N@d4 16. Qd1 Bxc2 17. R@c8 
Qxc8 18. Bxc8 N@e2+ 19. Kh1 Bxg2+ 20. Kxg2 P@f3+ 21. Kh3 R@h5+ 22. P@h4 O-O 
23. N@e7+ Kh8 24. B@f6 P@g4+ 25. Kxg4 Bf5+ 26. Nxf5 exf5+ 27. Kh3 gxf6 28. P@g7+ 
Kxg7 29. exf6+ Kxf6 30. B@g5+ Ke6 31. Q@e7+ Kd5 32. Qxd7+ Kc4 33. P@d3+ Kb4 
34. Q1a4+ Kc5 35. b4# 
{tantheman checkmated} 1-0

[Event "fics rated crazyhouse match"]
[Site "fics, Oklahoma City, OK USA"]
[Date "2000.09.25"]
[White "LSS"]
[WhiteElo "2367"]
[Black "Sunsetter"]
[BlackElo "2321"]
[TimeControl "180+0"]
[Result "1-0"]

1. e4 e5 2. Nf3 d6 3. Bc4 Be7 4. O-O Nf6 5. Nc3 O-O 6. d4 
Bg4 7. dxe5 Bxf3 8. Qxf3 dxe5 9. P@h6 gxh6 10. Bxh6 P@g7 11. Bxg7 Kxg7 
12. P@g5 Kg8 13. gxf6 Bxf6 14. N@h6+ Kg7 15. Nxf7 Rxf7 16. Bxf7 Kxf7 17. Nd5 
N@f4 18. Nxf4 exf4 19. N@h6+ Ke7 20. R@f7+ Ke8 21. Rxh7 N@f8 22. Qh5+ B@g6 
23. B@f7+ Kd7 24. Bxg6+ Kc8 25. Rfd1 P@d2 26. Nf7 Qd7 27. B@h3 N@e6 28. P@d5 
Bxb2 29. dxe6 Nxe6 30. Bxe6 Qxe6 31. Rh8+ Bxh8 32. Qxh8+ B@e8 33. B@f5 R@h1+ 
34. Kxh1 B@d8 35. Bxe6+ Nd7 36. Qxe8 b5 37. B@a6# 
{Sunsetter resigns} 1-0

[Event "fics rated crazyhouse match"]
[Site "fics, Oklahoma City, OK USA"]
[Date "2000.09.25"]
[White "Igy"]
[WhiteElo "2364"]
[Black "TheLongOne"]
[BlackElo "2200"]
[TimeControl "180+0"]
[Result "1-0"]

1. e4 e6 2. d4 Nf6 3. e5 Nd5 4. Nf3 Nc6 5. Bd3 d6 6. exd6 
cxd6 7. O-O P@e5 8. dxe5 dxe5 9. P@b5 P@g4 10. Ng5 Nf4 11. Qxg4 Qxg5 
12. Qxg5 N@h3+ 13. gxh3 Nxh3+ 14. Kh1 Nxg5 15. Bxg5 Bd6 16. bxc6 P@g2+ 17. Kxg2 
Q@g4+ 18. Q@g3 Qxg3+ 19. fxg3 O-O 20. N@h6+ gxh6 21. N@f6+ Kg7 22. N@h5+ Kh8 
23. P@g7# 
{TheLongOne checkmated} 1-0

[Event "fics rated crazyhouse match"]
[Site "fics, Oklahoma City, OK USA"]
[Date "2000.09.25"]
[White "TheLongOne"]
[WhiteElo "2196"]
[Black "Igy"]
[BlackElo "2368"]
[TimeControl "60+0"]
[Result "0-1"]

1. e4 Nf6 2. Nc3 Nc6 3. Nf3 e6 4. d4 Bb4 5. Bd3 d5 6. exd5 
exd5 7. Bb5 P@e4 8. Ne5 O-O 9. Bxc6 bxc6 10. Nxc6 Bxc3+ 11. bxc3 Qd6 
12. P@e7 Bg4 13. exf8=Q+ Rxf8 14. B@e2 Bxe2 15. Qxe2 P@f3 16. Qe3 fxg2 17. Rg1 
N@f3+ 18. Qxf3 exf3 19. B@d3 B@e4 20. P@e7 Bxd3 21. exf8=Q+ Qxf8 22. N@g3 P@e2 
{TheLongOne forfeits on time} 0-1

[Event "fics rated crazyhouse match"]
[Site "fics, Oklahoma City, OK USA"]
[Date "2000.09.25"]
[White "Igy"]
[WhiteElo "2372"]
[Black "TheLongOne"]
[BlackElo "2192"]
[TimeControl "60+0"]
[Result "1-0"]

1. e4 e6 2. Nc3 Nc6 3. d4 d5 4. e5 Nge7 5. Nf3 Nf5 6. Bb5 
Bd7 7. O-O Ncxd4 8. Nxd4 Nxd4 9. Bxd7+ Qxd7 10. Qxd4 N@f5 11. Qd1 P@d4 
12. Ne2 B@h5 13. B@h3 f6 14. exf6 gxf6 15. N@f4 Bxe2 16. Qxe2 P@e5 17. Nxe6 
Qxe6 18. Bxf5 Qxf5 19. B@g4 Qg6 20. P@d7+ Kd8 21. N@e6+ Ke7 22. Nxc7 f5 
23. Nxd5+ Kf7 24. Qxe5 B@d6 25. P@e6+ Qxe6 26. Qxe6+ Kxe6 27. N@c7+ Kxd7 28. Q@e6+ 
Kc6 29. P@b5# 
{TheLongOne forfeits on time} 1-0

[Event "fics rated crazyhouse match"]
[Site "fics, Oklahoma City, OK USA"]
[Date "2000.09.25"]
[White "TheLongOne"]
[WhiteElo "2188"]
[Black "Igy"]
[BlackElo "2376"]
[TimeControl "60+0"]
[Result "0-1"]

1. e4 Nf6 2. Nc3 Nc6 3. d4 e5 4. d5 Nd4 5. Be2 Bc5 6. Nf3 
d6 7. O-O O-O 8. Bg5 h6 9. Bh4 Nxe2+ 10. Nxe2 B@e7 11. Bxf6 Bxf6 
12. N@f5 Bxf5 13. exf5 B@g4 14. Nd2 Bxf5 15. N@g3 Bh7 16. B@f5 P@g6 17. Bh3 
N@f4 18. Nde4 Nxe2+ 19. Qxe2 N@d4 20. Qd3 c6 21. Nxf6+ Qxf6 22. Ne4 Qe7 
23. dxc6 bxc6 24. B@g3 P@f5 25. Nxc5 dxc5 26. P@d6 Qxd6 27. N@c4 Qd5 28. Bxe5 
P@e4 29. Bxd4 cxd4 30. N@e7+ Kh8 31. Nxd5 exd3 32. P@f6 gxf6 33. B@g7+ Kxg7 
34. Nxf6 P@e2 35. Rfe1 B@h8 36. Nh5+ Kg8 37. P@g7 Bxg7 38. Nxg7 Kxg7 39. B@h8+ 
Kxh8 
{TheLongOne forfeits on time} 0-1

[Event "fics rated crazyhouse match"]
[Site "fics, Oklahoma City, OK USA"]
[Date "2000.09.25"]
[White "Igy"]
[WhiteElo "2380"]
[Black "TheLongOne"]
[BlackElo "2184"]
[TimeControl "60+0"]
[Result "1-0"]

1. e4 e6 2. Nc3 d5 3. exd5 exd5 4. Bb5+ P@c6 5. Be2 Nf6 6. d4 
c5 7. Nf3 cxd4 8. Nxd4 P@h3 9. gxh3 Bxh3 10. Rg1 Ne4 11. P@g2 Nxc3 
12. bxc3 Bxg2 13. Rxg2 N@h4 14. Rg1 Qe7 15. B@g5 f6 16. Bxh4 P@g6 17. P@e6 
Nc6 18. P@f7+ Kd8 19. Nxc6+ bxc6 20. N@b7+ Kc8 21. N@c5 P@b6 22. Ba6 bxc5 
23. Nxc5+ Kb8 24. N@d7# 
{TheLongOne resigns} 1-0

[Event "fics rated crazyhouse match"]
[Site "fics, Oklahoma City, OK USA"]
[Date "2000.09.25"]
[White "Igy"]
[WhiteElo "2384"]
[Black "BEO"]
[BlackElo "2208"]
[TimeControl "180+0"]
[Result "1-0"]

1. e4 e6 2. Nc3 d5 3. exd5 exd5 4. Bb5+ c6 5. Be2 Nf6 6. d4 
Be7 7. Bf4 P@d6 8. P@e5 dxe5 9. dxe5 Ne4 10. Nxe4 dxe4 11. Qxd8+ Bxd8 
12. N@d6+ Kd7 13. Nxf7 Ba5+ 14. P@c3 P@e7 15. Rd1+ N@d5 16. Bg4+ e6 17. Q@d6+ 
Ke8 18. Nxh8 
{BEO resigns} 1-0

[Event "fics rated crazyhouse match"]
[Site "fics, Oklahoma City, OK USA"]
[Date "2000.09.25"]
[White "BEO"]
[WhiteElo "2204"]
[Black "Igy"]
[BlackElo "2388"]
[TimeControl "180+0"]
[Result "1-0"]

1. e4 Nf6 2. e5 d5 3. exf6 exf6 4. d4 Nc6 5. Nf3 Bb4+ 6. Nc3 
O-O 7. Be2 Re8 8. O-O P@e4 9. Ne1 Bxc3 10. bxc3 f5 11. Rb1 Rb8 
12. N@h5 Qe7 13. B@g5 f6 14. Bgf4 Be6 15. Bce3 Bf7 16. Ng3 Qd7 17. Bh5 
Bxh5 18. Qxh5 B@g4 19. Qh4 N@g6 20. Qxg4 fxg4 21. B@f5 Qf7 22. B@h5 Re7 
23. Bfxg4 Nd8 24. P@f5 Rc8 25. fxg6 hxg6 26. Bxc8 gxh5 27. N@f5 P@g4 28. Nxe7+ 
Qxe7 29. R@d7 Qf8 30. Bxc7 B@f3 31. Rxd8 N@h3+ 32. Kh1 Qxd8 33. Bxd8 Q@f7 
34. P@e6 Qe8 35. Q@f7+ Qxf7 36. exf7+ Kxf7 37. Be6+ Kxe6 38. Q@e7# 
{Igy checkmated} 1-0